 Dungeon Crawl Stone Soup version 0.23-a0-655-g3751e1c (console) character file.

9 Duffy the Firebug (level 2, 19/19 HPs)
             Began as a Demonspawn Fire Elementalist on Jan 7, 2019.
             Quit the game on level 1 of the Dungeon.
             The game lasted 00:00:23 (450 turns).

Duffy the Firebug (Demonspawn Fire Elementalist)     Turns: 450, Time: 00:00:24

Health: 19/19      AC:  3    Str:  8    XL:     2   Next: 3%
Magic:  1/5        EV: 11    Int: 16    God:
Gold:   11         SH:  0    Dex: 13    Spells: 4/5 levels left

rFire    . . .     SeeInvis .   (no weapon)
rCold    . . .     Gourm    .   (no shield)
rNeg     . . .     Faith    .   d - +0 leather armour (curse)
rPois    .         Spirit   .   (helmet restricted)
rElec    .         Reflect  .   (no cloak)
rCorr    .         Harm     .   (no gloves)
MR       .....                  (no boots)
Stlth    ++........             (no amulet)
HPRegen  0.06/turn              (no ring)
MPRegen  0.09/turn              (no ring)

@: no status effects
A: horns 1
a: no special abilities


You were on level 1 of the Dungeon.
You were not hungry.

You visited 1 branch of the dungeon, and saw 1 of its levels.

You collected 11 gold pieces.

Inventory:

Armour
 a - a +0 robe
 d - a cursed +0 leather armour (worn)
Scrolls
 e - a scroll of enchant weapon {unknown}
Potions
 b - a potion of lignification {unknown}
Comestibles
 c - a ration
 f - 6 chunks of flesh


   Skills:
 - Level 1.7 Dodging
 - Level 1.7 Stealth
 + Level 2.2 Spellcasting
 + Level 1.4 Conjurations
 + Level 2.9 Fire Magic


You had 4 spell levels left.
You knew the following spells:

 Your Spells              Type           Power        Failure   Level  Hunger
h - Flame Tongue          Conj/Fire      #....        12%         1    #......

Your spell library contained the following spells:

 Spells                   Type           Power        Failure   Level  Hunger
 Throw Flame              Conj/Fire      #.....       19%         2    ###....
 Conjure Flame            Conj/Fire      #.......     36%         3    ###....
 Inner Flame              Hex/Fire       #.......     43%         3    ###....
 Sticky Flame             Conj/Fire      #.......     77%         4    #####..
 Fireball                 Conj/Fire      #.........   98%         5    ######.


Dungeon Overview and Level Annotations

Branches:
Dungeon (1/15)

Altars:


Innate Abilities, Weirdness & Mutations

You have a pair of small horns on your head.


Message History

A hobgoblin is nearby!
A hobgoblin is nearby!
Casting: Flame Tongue (safe; 12% risk of failure)
Confirm with . or Enter, or press ? or * to list all spells.
Aiming: Flame Tongue (safe; 12% risk of failure)
Press: ? - help, Shift-Dir - straight line, f - hobgoblin
Aim: a hobgoblin The flame tongue hits the hobgoblin.
The hobgoblin is almost dead.
Casting: Flame Tongue (safe; 12% risk of failure)
Confirm with . or Enter, or press ? or * to list all spells.
Aiming: Flame Tongue (safe; 12% risk of failure)
Press: ? - help, Shift-Dir - straight line, f/p - hobgoblin
Aim: a hobgoblin (almost dead)
The flame tongue hits the hobgoblin.
You kill the hobgoblin!
You have reached level 2!
Your demonic ancestry asserts itself...
A pair of horns grows on your head!
Are you sure you want to abandon this character and quit the game? (Confirm

#.# #~~~#~~~#~~~# #.#
#~~~#~~~#~~~# #.#
#~~~#~~~#~~~~ #.# ##
#.~~~~~~#~~~~ #.# ..
#....~~~~~~~~ #.# .#
##......~~~~~ #.# .#
###.........
#.##.###########.....
#..@....... ######
#..#.###### # #..#.#
# #..#.# # #..#.### #
#......# # #.#..#.# #
#.#.##.### #.# #
#.#......# #(#####


There were no monsters in sight!

Vanquished Creatures
  2 goblins (D:1)
  A hobgoblin (D:1)
  A bat (D:1)
  2 frilled lizards (D:1)
  2 kobolds (D:1)
  A rat (D:1)
9 creatures vanquished.

Notes
Turn   | Place    | Note
-------+----------+-------------------------------------------
     0 | D:1      | Duffy the Demonspawn Fire Elementalist began the quest for
                  | the Orb.
     0 | D:1      | Reached XP level 1. HP: 13/13 MP: 3/3
   449 | D:1      | Gained mutation: You have a pair of small horns on your
                  | head. [demonic ancestry]
   449 | D:1      | Reached XP level 2. HP: 19/19 MP: 1/5
   450 | D:1      | Quit the game

Vault maps used:
D:1:      dpeg_arrival_water_fire, minmay_pentomino_w4

Action                   || total
-------------------------++-------
Melee: Unarmed           ||    14
 Cast: Flame Tongue      ||    10
Armor: Leather armour    ||     5
Dodge: Dodged            ||    14

Table legend:
 A = Non-vault XP
 B = Vault XP
 C = Vault XP percentage of total XP
 D = Non-vault monster count
 E = Vault monster count
 F = Vault count percentage of total count
                 A         B        C        D         E       F
            +---------+---------+-------+---------+---------+-------
      Total |      13 |       0 |   0.0 |       9 |       0 |   0.0
            +---------+---------+-------+---------+---------+-------
        D:1 |      13 |       0 |   0.0 |       9 |       0 |   0.0
            +---------+---------+-------+---------+---------+-------
